 Dungeon Crawl Stone Soup version 0.28-a0-948-gee6e0bcda6 (webtiles) character file.

Game seed: 12881291822495032541

31880 Majang the Grappler (level 13, -5/113 HPs)
             Began as a Ghoul Monk on Nov 30, 2021.
             Was a Priest of Qazlal.
             Slain by a boulder beetle (20 damage)
             ... on level 5 of the Lair of Beasts.
             The game lasted 01:07:38 (17891 turns).

Majang the Grappler (Ghoul Monk)                   Turns: 17891, Time: 01:07:39

Health: -5/113     AC: 26    Str: 20    XL:     13   Next: 61%
Magic:  9/18       EV:  9    Int:  9    God:    Qazlal [***...]
Gold:   929        SH: 22    Dex: 11    Spells: 12/12 levels left

rFire   . . .      SeeInvis .     - Unarmed
rCold   + . .      Faith    .   r - +2 kite shield
rNeg    + + +      Spirit   .   F - +2 chain mail {rN+}
rPois   ∞          Reflect  +   k - +1 helmet
rElec   +          Harm     .   (no cloak)
rCorr   .          Rampage  .   (no gloves)
Will    .....                   u - +2 pair of boots
Stlth   ..........              G - amulet of reflection
HPRegen 0.00/turn               i - +4 ring of protection
MPRegen 0.16/turn               l - ring of Thoughtfulness {rElec AC+4 Int+4}

@: inhibited regen, studying Shields
A: claws 1, cold resistance 1, negative energy resistance 3, inhibited
regeneration, torment resistance 2
a: Renounce Religion, Upheaval, Elemental Force


You were on level 5 of the Lair of Beasts.
You worshipped Qazlal.
Qazlal was most pleased with you.
You visited 3 branches of the dungeon, and saw 17 of its levels.

You collected 1055 gold pieces.
You spent 126 gold pieces at shops.

Inventory:

Missiles
 d - 64 poisoned darts (quivered)
 g - 9 boomerangs
 m - a curare-tipped dart
 y - 6 throwing nets
Armour
 k - a +1 helmet (worn)
 r - a +2 kite shield (worn)
 u - a +2 pair of boots (worn)
 F - a +2 chain mail of positive energy (worn)
Jewellery
 c - the ring "Fax Unn" {rElec Will+}
   (You acquired it on level 9 of the Dungeon)

   [ring of willpower]

   rElec:     It insulates you from electricity.
   Will:      It increases your willpower.
 i - a +4 ring of protection (left claw)
 l - the ring of Thoughtfulness (right claw) {rElec AC+4 Int+4}
   (You took it off a gnoll on level 5 of the Dungeon)

   [ring of protection]

   AC:        It affects your AC (+4).
   Int:       It affects your intelligence (+4).
   rElec:     It insulates you from electricity.
 w - a ring of see invisible
 A - a ring of flight
 G - an amulet of reflection (around neck)
 N - a +6 ring of dexterity
Wands
 a - a wand of flame (55)
 h - a wand of iceblast (6)
 t - a wand of digging (9)
 z - a wand of mindburst (36)
 B - a wand of paralysis (12)
 D - a wand of acid (1)
Scrolls
 f - 2 scrolls of magic mapping
 q - a scroll of brand weapon
 E - 3 scrolls of teleportation
 I - a scroll of fog
 J - 5 scrolls of enchant armour
 L - a scroll of torment {unknown}
 M - a scroll of silence
Potions
 b - 2 potions of brilliance
 e - 8 potions of curing
 j - 2 potions of invisibility
 n - 2 potions of heal wounds
 o - 5 potions of might
 p - a potion of flight
 v - 2 potions of cancellation
 x - a potion of attraction {unknown}
 C - a potion of haste {unknown}
Miscellaneous
 K - a phantom mirror


   Skills:
 + Level 10.0 Fighting
 + Level 7.2 Armour
 + Level 7.8 Dodging
 - Level 2.1 Stealth
 + Level 9.0 Shields
 * Level 13.7 Unarmed Combat
 + Level 8.5 Invocations
 + Level 7.1 Evocations


You had 12 spell levels left.
You didn't know any spells.
Your spell library contained the following spells:

 Spells                   Type           Power      Damage    Failure   Level
 Animate Skeleton         Necr           0%         N/A       100%        1
 Pain                     Necr           0%         1d4       100%        1
 Sting                    Tmut/Pois      0%         1d3       100%        1
 Passwall                 Tmut/Erth      0%         N/A       100%        2
 Poisonous Vapours        Pois/Air       0%         N/A       100%        2
 Conjure Flame            Conj/Fire      0%         6-21      100%        3
 Ignite Poison            Fire/Tmut/Pois 0%         N/A       100%        3
 Inner Flame              Hex/Fire       0%         N/A       100%        3
 Swiftness                Air            0%         N/A       100%        3
 Tukima's Dance           Hex            0%         N/A       100%        3
 Vampiric Draining        Necr           0%         2d6       100%        3
 Cause Fear               Hex            0%         N/A       100%        4
 Olgreb's Toxic Radiance  Pois           0%         N/A       100%        4
 Passage of Golubria      Tloc           0%         N/A       100%        4
 Sticky Flame             Conj/Fire      0%         2d3       100%        4
 Summon Ice Beast         Ice/Summ       0%         N/A       100%        4
 Fireball                 Conj/Fire      0%         3d3       100%        5
 Iskenderun's Battlesphe  Conj           0%         2d6       100%        5
 Summon Mana Viper        Hex/Summ       0%         N/A       100%        5
 Yara's Violent Unravell  Hex/Tmut       0%         3d3       100%        5
 Conjure Ball Lightning   Conj/Air       0%         3x3d6     100%        6
 Monstrous Menagerie      Summ           0%         N/A       100%        7
 Orb of Destruction       Conj           0%         N/A       100%        7
 Discord                  Hex            0%         N/A       100%        8


Dungeon Overview and Level Annotations

Branches:
Dungeon (10/15)            Temple (1/1) D:6            Lair (6/6) D:10
  Swamp (0/4) Lair:3       Spider (0/4) Lair:3        Slime (0/5) Lair:5
    Orc: D:9-12

Altars:
Cheibriados
Elyvilon
Fedhas
Gozag
Hepliaklqana
Kikubaaqudgha
Makhleb
Nemelex Xobeh
Okawaru
Qazlal
Ru
Sif Muna
Uskayaw
Vehumet
Zin
Jiyva

Shops:
D:3 *   D:7 *

Annotations:
D:9 3 runed translucent doors, makewrite's ghost, journeyman MiGl
D:10 3 runed translucent doors, exclusion: orange crystal statue
Lair:5 2 transporters, exclusion: 2 oklob plants


Innate Abilities, Weirdness & Mutations

You thrive by killing the living.
You are immune to poison.
You have sharp fingernails.
Your flesh is cold resistant. (rC+)
You are immune to negative energy. (rN+++)
You do not regenerate when monsters are visible.
You are immune to unholy pain and torment.


Message History

The elephant tramples something.
The elephant trunk-slaps something but does no damage.
You block the death yak's attack.
The elephant tramples your earth elemental but does no damage.
The elephant trunk-slaps your earth elemental but does no damage.
The elephant tramples something!
The elephant trunk-slaps something but does no damage.
The boulder beetle leaps!
The elephant tramples your earth elemental but does no damage.
The elephant trunk-slaps your earth elemental but does no damage.
Your earth elemental hits the elephant!!
As you read the scroll of summoning, it crumbles to dust.
Wisps of shadow whirl around you...
The death yak is engulfed in freezing vapours.
You block the death yak's attack.
The elephant tramples your earth elemental but does no damage.
The elephant trunk-slaps your earth elemental but does no damage.
The death yak closely misses you.
Your black mamba bites the death yak!
The boulder beetle curls into a ball and begins rolling!
The death yak barely misses your black mamba.
Your earth elemental hits the elephant!!
The elephant barely misses your earth elemental. x2
The death yak is engulfed in freezing vapours.
Your black mamba barely misses the death yak.
Your black mamba bites the boulder beetle.
The boulder beetle looks as sick as possible!
Your black mamba poisons the boulder beetle!
Your bullfrog hits the elephant.
Your black mamba completely misses the boulder beetle.
Your black mamba bites the death yak.
The death yak closely misses your black mamba.
The death yak is engulfed in freezing vapours.
The elephant tramples your earth elemental.
Your earth elemental stumbles backwards!
Your earth elemental hits the elephant but does no damage.
Your black mamba bites the death yak!
Your bullfrog barely misses the death yak.
The boulder beetle hits you!!
You die...

#....# ##.....................
#...## #.....................
##..# ##.....................
#...## #.......#P.........(...
#....# #.......##............#
.....#### ##.°....###..P.......#.
>.....#.###.Y.°S..#.............#
............Y.YB...............[.
.......†.YE.Y°Y.@................
...........F.S..§.##............#
....#.#..##.....#####............
...#####.P###..#.# ##..........#
...# #### ###### ##..#.......
#### #.###..##.# ### #######


You could see 3 death yaks, a boulder beetle (rolling, extremely poisoned, ally
target), 3 elephants, a friendly earth elemental (summoned), 2 friendly black
mambas and a friendly bullfrog (summoned).

Vanquished Creatures
  Gastronok (Lair:2)
  Harold (D:7)
  A boulder beetle (D:9)
  3 hydras
  The ghost of Gargoyl the Fighter, a journeyman GnAK of Lugonu (Lair:2)
  An ogre mage (D:10)
  3 two-headed ogres (D:10)
  3 death yaks (Lair:5)
  2 bog bodies (Lair:3)
  A lindwurm (Lair:4)
  An orc knight (D:10)
  A cyclops (D:9)
  The ghost of Gilette the Cleaver, a novice DsFi (D:5)
  The ghost of Peloso the Covered, a novice MiFi of Okawaru (D:6)
  7 elephants
  A black mamba (Lair:4)
  A torpor snail (Lair:3)
  A kobold demonologist (D:10)
  5 cane toads
  A rime drake (Lair:1)
  2 komodo dragons
  3 trolls (D:10)
  A polar bear (Lair:2)
  4 redbacks (Lair:3)
  Sigmund (D:5)
  2 wyverns
  A yak (shapeshifter) (D:10)
  19 yaks
  3 steam dragons
  Grum (Lair:1)
  4 basilisks
  2 acid dragons (D:10)
  A vampire mosquito (D:10)
  2 swamp worms (Lair:3)
  13 water moccasins
  An ice beast (D:7)
  7 orc warriors
  2 black bears
  A centaur (D:8)
  3 ogres
  17 wolves
  5 bullfrogs
  3 kobold brigands
  A wyvern zombie (D:5)
  3 gnoll sergeants (D:5)
  4 scorpions
  A water moccasin skeleton (D:5)
  13 wights
  6 killer bees
  A howler monkey (D:10)
  An electric eel (Lair:3)
  4 centaur zombies
  A centaur skeleton (D:6)
  5 jellies
  6 orc priests
  2 gnoll shamans
  Terence (D:3)
  Jessica (D:2)
  3 iguanas (D:5)
  A spectral killer bee (D:6)
  Natasha (thrice) (D:4)
  17 orc wizards
  A killer bee zombie (D:6)
  A mummy (D:8)
  A howler monkey zombie (D:9)
  Robin (D:1)
  7 adders
  14 gnolls
  A howler monkey skeleton (D:4)
  2 shadow imps
  A white imp (D:6)
  A howler monkey simulacrum (D:6)
  An ufetubus (D:5)
  An adder skeleton (D:4)
  A worm (D:2)
  3 dart slugs
  28 orcs
  7 ball pythons
  7 endoplasms
  2 giant cockroaches (D:1)
  14 goblins
  11 hobgoblins
  8 jackals
  6 kobolds
  2 quokkas
  2 bats
  2 frilled lizards
  A rat (D:2)
335 creatures vanquished.

Vanquished Creatures (collateral kills)
  A hydra (Lair:1)
1 creature vanquished.

Vanquished Creatures (others)
  10 fungi
  42 plants
52 creatures vanquished.

Grand Total: 388 creatures vanquished

Notes
Turn   | Place    | Note
-------+----------+-------------------------------------------
     0 | D:1      | Majang the Ghoul Monk began the quest for the Orb.
     0 | D:1      | Reached XP level 1. HP: 19/19 MP: 0/0
   215 | D:1      | Reached XP level 2. HP: 26/26 MP: 1/1
   439 | D:1      | Reached skill level 4 in Unarmed Combat
   585 | D:2      | Noticed Robin
   683 | D:2      | Reached XP level 3. HP: 31/33 MP: 2/2
   694 | D:1      | Killed Robin
   808 | D:2      | Noticed Jessica
   819 | D:2      | Killed Jessica
   820 | D:2      | Reached XP level 4. HP: 40/40 MP: 3/3
  1519 | D:2      | Noticed an ogre
  1573 | D:2      | Reached skill level 5 in Unarmed Combat
  1617 | D:2      | Killed an ogre
  1618 | D:2      | Reached XP level 5. HP: 47/47 MP: 4/4
  1824 | D:3      | Found Jublinua's Assorted Antiques.
  1834 | D:3      | Bought a scroll labelled JIETSE OVEUQEU for 33 gold pieces
  2191 | D:3      | Noticed Terence
  2197 | D:3      | Killed Terence
  2499 | D:4      | Reached XP level 6. HP: 52/53 MP: 5/5
  2538 | D:4      | Noticed Natasha
  2546 | D:4      | Killed Natasha
  2547 | D:4      | Reached skill level 6 in Unarmed Combat
  2610 | D:4      | Reached skill level 1 in Shields
  2610 | D:4      | Reached skill level 1 in Evocations
  2729 | D:4      | Found a stormy altar of Qazlal.
  2735 | D:4      | Became a worshipper of Qazlal Stormbringer
  2735 | D:4      | Reached * piety under Qazlal
  2735 | D:4      | Reached ** piety under Qazlal
  2798 | D:4      | Reached skill level 1 in Armour
  2849 | D:4      | Noticed Natasha
  2863 | D:4      | Killed Natasha
  3006 | D:4      | Noticed Natasha
  3014 | D:4      | Killed Natasha
  3105 | D:4      | Reached skill level 5 in Fighting
  3105 | D:4      | Reached XP level 7. HP: 28/61 MP: 6/6
  3326 | D:4      | Reached skill level 1 in Invocations
  3568 | D:5      | Entered Level 5 of the Dungeon
  3683 | D:5      | Found a transporter.
  3760 | D:5      | Identified the ring of Thoughtfulness {rElec AC+4 Int+4}
  3761 | D:5      | Noticed Gilette's ghost (novice DsFi)
  3779 | D:5      | Found a transporter.
  4147 | D:5      | Found a sparkling altar of Nemelex Xobeh.
  4150 | D:5      | Found an opulent altar of Gozag.
  4151 | D:5      | Found an iron altar of Okawaru.
  4228 | D:5      | Noticed Sigmund
  4231 | D:5      | Killed Sigmund
  4232 | D:5      | Reached skill level 7 in Unarmed Combat
  4232 | D:5      | Reached XP level 8. HP: 69/69 MP: 8/8
  4744 | D:6      | Found a hide-covered altar of Uskayaw.
  4784 | D:6      | Found a radiant altar of Vehumet.
  5012 | D:6      | Found a runed translucent gate.
  5013 | D:6      | Found a runed translucent gate.
  5014 | D:6      | Found a runed translucent gate.
  5015 | D:6      | Noticed Peloso's ghost (novice MiFi)
  5414 | D:6      | Found a staircase to the Ecumenical Temple.
  5420 | Temple   | Entered the Ecumenical Temple
  5504 | D:6      | Reached skill level 8 in Unarmed Combat
  5802 | D:7      | Reached XP level 9. HP: 60/75 MP: 10/10
  5833 | D:7      | Reached *** piety under Qazlal
  6490 | D:7      | Found Ubeup's Assorted Antiques.
  6526 | D:7      | Bought a sapphire potion for 21 gold pieces
  6526 | D:7      | Bought a scroll labelled ICILALYBRY for 24 gold pieces
  6526 | D:7      | Bought a scroll labelled ICILALYBRY for 24 gold pieces
  6526 | D:7      | Bought a scroll labelled JESUTY REIHAK for 24 gold pieces
  6932 | D:7      | Noticed Harold
  6944 | D:7      | Killed Harold
  6945 | D:7      | Reached skill level 9 in Unarmed Combat
  7200 | D:7      | Reached XP level 10. HP: 84/84 MP: 12/12
  7466 | D:8      | Reached skill level 5 in Dodging
  7480 | D:8      | Reached **** piety under Qazlal
  8754 | D:8      | Found a snail-covered altar of Cheibriados.
  8859 | D:9      | Identified a scroll of acquirement
  8859 | D:9      | Acquired the ring "Fax Unn" {rElec Will+}
  9269 | D:9      | Noticed a cyclops
  9275 | D:9      | Killed a cyclops
  9276 | D:9      | Reached skill level 10 in Unarmed Combat
  9433 | D:9      | Reached skill level 5 in Invocations
  9476 | D:9      | Noticed a boulder beetle
  9493 | D:9      | Killed a boulder beetle
  9690 | D:9      | Found a runed translucent gate.
  9691 | D:9      | Found a runed translucent gate.
  9691 | D:9      | Noticed makewrite's ghost (journeyman MiGl)
  9692 | D:9      | Found a runed translucent gate.
  9695 | D:9      | Found a viscous altar of Jiyva.
 10279 | D:5      | Killed Gilette's ghost
 10705 | D:6      | Killed Peloso's ghost
 10706 | D:6      | Reached skill level 5 in Shields
 10706 | D:6      | Reached XP level 11. HP: 70/92 MP: 14/14
 10903 | D:10     | Entered Level 10 of the Dungeon
 11241 | D:10     | Found a runed translucent door.
 11247 | D:10     | Found a runed translucent door.
 11263 | D:10     | Reached skill level 5 in Evocations
 11278 | D:10     | Found a runed translucent door.
 11308 | D:10     | Found a runed translucent door.
 11314 | D:10     | Noticed a two-headed ogre
 11325 | D:10     | Killed a two-headed ogre
 11326 | D:10     | Reached skill level 5 in Armour
 11599 | D:10     | Found a staircase to the Lair.
 11845 | D:10     | Reached skill level 11 in Unarmed Combat
 11977 | D:10     | Noticed a two-headed ogre
 12000 | D:10     | Killed a two-headed ogre
 12038 | D:10     | Noticed a two-headed ogre
 12358 | D:10     | Paralysed by a kobold demonologist for 4 turns
 12384 | D:10     | Noticed an ogre mage
 12385 | D:10     | Noticed an orc knight
 12396 | D:10     | Killed an ogre mage
 12406 | D:10     | Paralysed by an orc knight for 3 turns
 12430 | D:10     | Killed a two-headed ogre
 12438 | D:10     | Killed an orc knight
 12686 | D:10     | Noticed an orange crystal statue
 12732 | Lair:1   | Entered Level 1 of the Lair of Beasts
 12899 | Lair:1   | Reached XP level 12. HP: 79/103 MP: 15/15
 13165 | Lair:1   | Noticed a seven-headed hydra
 13167 | Lair:1   | Killed a seven-headed hydra
 13227 | Lair:1   | Reached skill level 12 in Unarmed Combat
 13489 | Lair:1   | Noticed Grum
 13508 | Lair:1   | Killed Grum
 14090 | Lair:2   | Noticed Gastronok
 14106 | Lair:2   | Killed Gastronok
 14209 | Lair:2   | Noticed an eight-headed hydra
 14218 | Lair:2   | Killed an eight-headed hydra
 14410 | Lair:2   | Found a large runed translucent door.
 14410 | Lair:2   | Found a large runed translucent door.
 14410 | Lair:2   | Noticed Gargoyl's ghost (journeyman GnAK)
 14442 | Lair:2   | Killed Gargoyl's ghost
 14623 | Lair:3   | Noticed a four-headed hydra
 14636 | Lair:3   | Killed a four-headed hydra
 15062 | Lair:3   | Found a staircase to the Swamp.
 15174 | Lair:3   | Reached skill level 13 in Unarmed Combat
 15174 | Lair:3   | Reached XP level 13. HP: 111/111 MP: 17/17
 15585 | Lair:3   | Found a hole to the Spider Nest.
 16508 | Lair:5   | Found a transporter.
 16534 | Lair:5   | Found a transporter.
 17115 | Lair:5   | Found a staircase to the Slime Pits.
 17168 | Lair:5   | Found a blossoming altar of Fedhas.
 17521 | Lair:6   | Entered Level 6 of the Lair of Beasts
 17875 | Lair:5   | Reached skill level 10 in Fighting
 17891 | Lair:5   | Slain by a boulder beetle

Illustrated notes

Levels and vault maps discovered:
D:1:      lightli_arrival_lavapool, layout_basic
D:2:      layout_basic, uniq_jessica, uniq_robin
D:3:      layout_rooms, serial_shops, nicolae_shop_waterfront,
          kennysheep_cluttered_room, kennysheep_nondescript, minivault_14,
          hangedman_abyss_or_decor_lesser_grid, uniq_terence
D:4:      layout_basic, mainiacjoe_overflow_alcove_4, uniq_natasha
D:5:      layout_basic, grunt_temple_overflow_open,
          gammafunk_ghost_gnarly_gnolls, minmay_crossroads, uniq_sigmund
D:6:      layout_rooms, fiery_altar_vehumet, eat_drink_and_be_merry_uskayaw,
          kennysheep_little_box, minmay_temple_entry_fiery,
          gammafunk_ghost_necromancy, amcnicky_mini_pool_small,
          kennysheep_decorative_pillar, grunt_ministairs_10
D:7:      layout_basic, serial_shops, shop_coins, grunt_decor_one_mirror,
          uniq_harold
D:8:      layout_loops_corners, slow_altar_2
D:9:      layout_loops_ring, elyvilon_altar_3, gammafunk_ghost_ooze
D:10:     kennysheep_windowed_halls, layout_irregular_city, david_lair_shrubbed,
          nrook_loot_triangle, minmay_statue_crystal_thing
Temple:   cyrus_circular_temple
Lair:1:   layout_gridlike, minivault_19, minivault_27, grunt_megastairs_2,
          uniq_grum
Lair:2:   layout_regular_city, enter_volcano_2, ebering_ghost_disaster_area,
          lemuel_fruit_tree, infiniplex_staircase_pool_2, uniq_gastronok
Lair:3:   layout_roguey, nicolae_swamp_entry_splash_gauntlet,
          spider_nest_entry_funnel_web, infiniplex_staircase_pool,
          serial_bayou_shore_b
Lair:4:   layout_regular_city, grunt_megastairs_5
Lair:5:   gammafunk_worm_tunnel, layout_gridlike, dpeg_slime_entry_corner,
          hangedman_tree_tricks
Lair:6:   evil_forest, layout_big_grid, lemuel_fruit_fields, grunt_megastairs_1

Skill      XL: |  1  2  3  4  5  6  7  8  9 10 11 12 13 |
---------------+----------------------------------------+-----
Unarmed Combat | 4 5 6 7 8 9 10 11 13 | 13.7
Fighting       | 4 5 6 7 8 9 10 | 10.0
Dodging        | 3 4 5 6 7 |  7.8
Shields        | 1 2 3 5 6 8 9 |  9.0
Evocations     | 1 2 3 4 5 6 7 |  7.1
Armour         | 1 2 3 4 5 6 7 |  7.2
Invocations    | 2 3 4 5 6 7 8 |  8.5
Stealth        | |  2.1

Action                   |  1- 3 |  4- 6 |  7- 9 | 10-12 | 13-15 || total
-------------------------+-------+-------+-------+-------+-------++-------
Melee: Unarmed           |   102 |   155 |   312 |   631 |   207 ||  1407
       Punch             |     1 |       |       |       |       ||     1
Throw: Dart              |       |       |     1 |    23 |       ||    24
       Throwing net      |       |       |     1 |       |       ||     1
Invok: Upheaval          |       |       |       |       |     3 ||     3
       Elemental Force   |       |       |       |       |     1 ||     1
Evoke: Wand              |       |    10 |     9 |     7 |       ||    26
       Phantom mirror    |       |       |       |     1 |       ||     1
  Use: Scroll            |       |       |       |    20 |     6 ||    26
       Potion            |       |       |       |     1 |       ||     1
 Stab: Sleeping          |     1 |     1 |       |       |       ||     2
       Distracted        |       |       |     1 |       |       ||     1
       Held in net/web   |       |       |     1 |       |       ||     1
Armor: Ring mail         |    28 |    21 |       |       |       ||    49
       Scale mail        |       |    24 |   132 |       |       ||   156
       Chain mail        |       |       |       |   241 |   133 ||   374
Dodge: Dodged            |    69 |    53 |   148 |   141 |    68 ||   479
       Repelled          |       |       |       |     6 |       ||     6
Block: Buckler           |       |    27 |   128 |    99 |       ||   254
       Kite shield       |       |       |       |   410 |   316 ||   726
       Reflection        |       |       |       |     5 |       ||     5

Table legend: (Time is in decaauts)
 A = Elapsed time spent in this place.
 B = Non-inter-level travel time spent in this place.
 C = Inter-level travel time spent in this place.
 D = Time resting spent in this place.
 E = Time spent auto-exploring this place.
 F = Levels seen in this place.
 G = Mean time per level.
                   A        B        C        D        E       F      G
               +--------+--------+--------+--------+--------+-----+--------+
         Total |  17808 |  17008 |    800 |   3737 |   9782 |  17 | 1047.5 |
       Dungeon |  12670 |  11979 |    691 |   3004 |   6460 |  10 | 1267.0 |
        Temple |      1 |      1 |      0 |      0 |      0 |   1 |    1.0 |
          Lair |   5137 |   5029 |    108 |    733 |   3322 |   6 |  856.2 |
               +--------+--------+--------+--------+--------+-----+--------+

Top non-repeatable levels by time:
    D:10: 1784 daAuts
     D:8: 1747 daAuts
     D:5: 1572 daAuts
     D:6: 1430 daAuts
     D:7: 1418 daAuts
  Lair:5: 1372 daAuts
     D:9: 1156 daAuts
  Lair:3: 1099 daAuts
     D:4: 1073 daAuts
  Lair:1: 1012 daAuts
     D:2: 1011 daAuts
  Lair:2: 870 daAuts
  Lair:4: 757 daAuts
     D:3: 756 daAuts
     D:1: 720 daAuts
